 Dungeon Crawl Stone Soup version 0.10.0-32-gfa280cc character file.

1844963 Nada the Sorcerer (level 27, 261/261 HPs)
             Began as a Naga Venom Mage on Mar 20, 2012.
             Was the Champion of Vehumet.
             Escaped with the Orb
             ... and 4 runes on Mar 30, 2012!
             The game lasted 14:53:27 (119408 turns).

Nada the Sorcerer (Naga Venom Mage)               Turns: 119408, Time: 14:53:27

HP 261/261       AC 24     Str 24      XL: 27
MP  49/49        EV 24     Int 37      God: Vehumet [******]
Gold 4762        SH 12     Dex 19      Spells: 17 memorised,  4 levels left

Res.Fire  : + + .   See Invis. : +   a - staff of channeling
Res.Cold  : x x .   Warding    : . . X - +4 robe of Augmentation {Str+4 Dex+4 Int+4 Life Prot.: + + . Conserve : . r - +1 buckler Res.Acid. : . . . Res.Corr. : . O - +2 hat of the Bear Spirit {Spirit, +Rage r
Res.Poison: +       Clarity    : .   p - +0 cloak of Eternal Night {rN+ MR Str+4}
Res.Elec. : +       Spirit.Shd : +   Z - +2 pair of fencer's gloves {EV+3 Dex+3 Acc
Sust.Abil.: . .     Stasis     : .   E - +0 naga barding of Immorality {Dex+1 Int+4 Res.Mut. : + Ctrl.Telep.: x G - amulet of resist mutation Res.Rott. : . Levitation : . e - ring of Ranoych {Fire rElec MR} Saprovore : . . . Ctrl.Flight: . R - ring "Fraemip" {Fire Str+3 Int+2 Acc+4}

@: slightly contaminated, glowing, very slow, almost entirely resistant to
hostile enchantments, very unstealthy
A: spit poison, constrict 1, see invisible, deformed body, herbivore 1, poison
resistance, screaming 1, slowness 2, Str +2, Dex -2
a: Spit Poison, Renounce Religion, Evoke Berserk Rage
}: 4/15 runes: decaying, serpentine, slimy, silver


You escaped.
You worshipped Vehumet.
Vehumet was exalted by your worship.
You were hungry.

You visited 12 branches of the dungeon, and saw 80 of its levels.
You visited 1 Labyrinth.
You visited 1 bazaar.
You visited 2 portal chambers: bailey, ice cave.

You collected 9498 gold pieces.
You spent 4756 gold pieces at shops.

Inventory:

Hand weapons
 W - the +5,+6 mace of Twilight {freeze, +Rage rElec rC+}
   (You found it on level 3 of the Lair of Beasts)

   It has been specially enchanted to freeze those struck by it, causing extra
   injury to most foes and up to double damage against particularly susceptible
   opponents.
   It can also slow down cold-blooded creatures.
   It protects you from cold.
   It insulates you from electricity.
   It lets you go berserk.
Armour
 p - the +0 cloak of Eternal Night (worn) {rN+ MR Str+4}
   (You found it on level 3 of the Vaults)

   It affects your strength (+4).
   It protects you from negative energy.
   It increases your resistance to enchantments.
 r - a +1 buckler (worn)
 E - the +0 naga barding of Immorality (worn) {Dex+1 Int+4}
   (You acquired it on level 2 of the Swamp)

   It affects your intelligence (+4).
   It affects your dexterity (+1).
 O - the +2 hat of the Bear Spirit (worn) {Spirit, +Rage rN+ MR}
   (You found it on level 5 of the Vaults)

   It protects you from negative energy.
   It increases your resistance to enchantments.
   It lets you go berserk.
   Once owned by Ukta, a powerful ogre shaman, this fur hat houses the spirit of
   an especially mighty bear.
 X - the +4 robe of Augmentation (worn) {Str+4 Dex+4 Int+4}
   (You found it on level 1 of the Vaults)

   It affects your strength (+4).
   It affects your intelligence (+4).
   It affects your dexterity (+4).
 Z - the +2 pair of fencer's gloves (worn) {EV+3 Dex+3 Acc+8}
   (You found it on level 8 of the Lair of Beasts)

   It affects your evasion (+3).
   It affects your dexterity (+3).
   It affects your accuracy (+8).
Magical devices
 i - a wand of teleportation (3)
 j - a wand of heal wounds (2)
 o - a wand of hasting (3)
 B - a wand of hasting (9)
 D - a wand of digging (6)
 T - a wand of digging (10)
 Y - a wand of disintegration (7)
Comestibles
 C - 2 meat rations
Jewellery
 e - the ring of Ranoych (right hand) {Fire rElec MR}
   (You found it on level 6 of the Pits of Slime)

   [ring of fire]

   It insulates you from electricity.
   It increases your resistance to enchantments.
 h - an uncursed ring of life protection
 l - an uncursed ring of sustain abilities
 m - an uncursed amulet of resist corrosion
 u - a cursed ring of teleportation
 w - an uncursed ring of teleport control
 y - the amulet of Riotexeasky {Cons +Blink rC+}
   (You bought it in a shop on level 3 of the Vaults)

   [amulet of conservation]

   It protects you from cold.
   It lets you blink.
 F - an uncursed ring of wizardry
 G - an amulet of resist mutation (around neck)
 H - an uncursed ring of magical power
 Q - an uncursed amulet of clarity
 R - the ring "Fraemip" (left hand) {Fire Str+3 Int+2 Acc+4}
   (You found it on level 8 of the Dungeon)

   [ring of fire]

   It affects your strength (+3).
   It affects your intelligence (+2).
   It affects your accuracy (+4).
 U - an uncursed ring of fire
 V - an uncursed ring of sustenance
Potions
 f - 3 potions of restore abilities
 g - a potion of brilliance
 x - 3 potions of agility
 M - 14 potions of curing
 N - 5 potions of resistance
 S - 4 potions of might
Magical staves
 a - a staff of channeling (weapon)
Orbs of Power
 c - the Orb of Zot
Miscellaneous
 b - a crystal ball of energy


   Skills:
 + Level 18.6 Fighting
 + Level 16.9 Dodging
 - Level 3.3 Stealth
 - Level 3.4 Shields
 - Level 10.0 Traps & Doors
 + Level 26.6 Spellcasting
 - Level 20.1 Conjurations
 - Level 9.7 Charms
 + Level 10.4 Necromancy
 - Level 12.0 Translocations
 - Level 19.6 Fire Magic
 - Level 5.1 Air Magic
 - Level 12.9 Poison Magic
 + Level 17.8 Evocations


You had 4 spell levels left.
You knew the following spells:

 Your Spells              Type           Power        Failure   Level  Hunger
a - Iskenderun's Mystic   Conj           #########    0%          4    None
b - Fire Storm            Fire/Conj      ##########   4%          9    Strawberry
c - Regeneration          Chrm/Necr      ########..   1%          3    None
d - Flight                Air/Chrm       ########..   1%          3    None
e - Haste                 Chrm           ########.    1%          6    None
f - Summon Butterflies    Summ           ######...    1%          1    None
g - Deflect Missiles      Air/Chrm       ########..   2%          6    None
h - Swiftness             Air/Chrm       ########..   1%          2    None
i - Controlled Blink      Tloc           N/A          2%          7    None
j - Dispel Undead         Necr           ########.    1%          5    None
k - Phase Shift           Tloc           ########..   1%          5    None
l - Apportation           Tloc           ########..   0%          1    None
m - Bolt of Fire          Fire/Conj      ##########   1%          6    None
n - Abjuration            Summ           ######....   1%          3    None
o - Fireball              Fire/Conj      ##########   0%          5    None
p - Orb of Destruction    Conj           #########.   1%          7    None
q - Sublimation of Blood  Necr           ########..   0%          2    None


Dungeon Overview and Level Annotations

Branches:
Dungeon (27/27)            Temple (1/1) D:6             Orc (4/4) D:11
    Elf (5/5) Orc:3          Lair (8/8) D:10          Swamp (5/5) Lair:5
  Slime (6/6) Lair:7        Snake (5/5) Lair:5        Vault (8/8) D:19
  Blade (1/1) Vault:4       Crypt (5/5) Vault:4         Zot (5/5) D:27
   Tomb: Crypt:2-3

Altars:
Ashenzari
Cheibriados
Elyvilon
Fedhas
Kikubaaqudgha
Makhleb
Nemelex Xobeh
Okawaru
Sif Muna
The Shining One
Trog
Vehumet
Xom
Yredelemnul
Zin
Jiyva

Shops:
D:13: % Orc:3: % Orc:4: +*[( Elf:5: ( Snake:3: * Vault:3: * Vault:5: ?

Portals:
Hell: D:21 D:22 D:23* D:24 D:25 D:26 D:27
Abyss: D:22 D:25
Pan: D:22 D:23 D:24 D:26 D:27
Trove: D:14 (give +6,+6 demon whip)
Ziggurat: D:24 (5040 gp)

Annotations
Elf:5 exclusion: Roxanne, Roxanne
Lair:2 exclusion: 2 oklob plants
Lair:4 exclusion: spiny frog
Lair:5 exclusion: komodo dragon
Lair:8 exclusion: oklob plant
Vault:7 exclusion: statue


Innate Abilities, Weirdness & Mutations

You cannot wear boots.
You can spit poison.
You can use your snake-like lower body to constrict enemies.
Your serpentine skin is tough (AC +9).
You have supernaturally acute eyesight.
Armour fits poorly on your strangely shaped body.
Your system is resistant to poisons.
You cover ground very slowly.
You are clumsy (Dex -2).
You digest meat inefficiently.
You occasionally shout uncontrollably.
Your muscles are strong (Str +2).


Message History

You found a dart trap!
There is a stone staircase leading down here.
Unknown command.
Search for what [Enter for "cure mutation", or ? for help]? exit Can't find anything matching that.
All of the chunks of flesh in your inventory have completely rotted away.
An ufetubus comes into view.
Casting: Orb of Destruction
Confirm with . or Enter, or press ? or * to list all spells.
Aiming: Iskenderun's Mystic Blast
Press: ? - help, Shift-Dir - straight line, f - ufetubus
Aim: an ufetubus The orb of energy hits the ufetubus.
You kill the ufetubus!
Magic restored.
Your body shudders with the violent release of wild energies!
You feel clumsy.
There is an escape hatch in the ceiling here.
Are you sure you want to win?
You have escaped!

............########.........(...
..........................>......
###########.########.############
#######.########.############
#..............(.............
#.#####.########(############ #.#
#.########.######## #.#
#.##............... #.#
#.##..@..#.########
#.#####.##.....#.# ##
#####.......##.....#.######### #.
..%..........................###.
...................(.............
#####.......########.#######.####
#.#..................).......
#.#####.########.####.####### #.#
#.# #%# #.# #.


There were no monsters in sight!

Vanquished Creatures
  the royal jelly (Slime:6)
  9 ancient liches
  5 orbs of fire
  Saint Roka (Swamp:5)
  Boris (Crypt:3)
  A curse toe (Zot:5)
  Norris (Swamp:2)
  Mara (D:19)
  3 Killer Klowns (Zot:5)
  Mennas (Vault:4)
  9 golden dragons
  2 electric golems (Zot:5)
  Nikola (Elf:2)
  A Brimstone Fiend (Zot:5)
  24 Orb Guardians (Zot:5)
  2 quicksilver dragons
  2 titans
  8 deep elf blademasters
  A ghost moth (shapeshifter) (Vault:2)
  8 ghost moths
  25 acid blobs
  13 shadow dragons
  A shadow dragon (shapeshifter) (Vault:8)
  4 liches
  14 storm dragons
  2 sphinxes
  Kirke (Elf:5)
  An Ice Fiend (Zot:5)
  Rupert (Elf:4)
  Agnes (Snake:2)
  Frances (D:17)
  Dissolution (Slime:6)
  Aizul (D:16)
  8 bone dragons
  Donald (Swamp:1)
  8 frost giants
  3 draconian knights
  A frost giant (shapeshifter) (Vault:5)
  11 orc warlords
  9 draconian scorchers
  Wiglaf (D:17)
  Louise (Elf:5)
  3 draconian zealots (Zot:5)
  8 azure jellies
  17 tentacled monstrosities
  A quicksilver dragon skeleton (Crypt:5)
  8 fire giants
  6 draconian annihilators
  2 draconian shifters (Zot:5)
  The ghost of shackes the Impaler, a powerful MfGl of Okawaru (Snake:1)
  6 greater nagas
  A stone giant (shapeshifter) (Vault:2)
  62 stone giants
  A curse skull (Crypt:1)
  5 green draconians
  8 deep elf annihilators (Elf:5)
  4 grey draconians
  3 draconian callers
  A Green Death (Zot:5)
  4 mottled draconians
  6 purple draconians
  Jozef (Orc:3)
  2 dire elephants (Lair:8)
  6 pale draconians
  12 white draconians
  A dire elephant (shapeshifter) (D:25)
  3 red draconians
  6 black draconians
  2 deep elf death magi (Elf:5)
  7 deep elf master archers
  7 yellow draconians
  An anaconda (shapeshifter) (Vault:8)
  2 anacondas
  6 deep elf sorcerers (Elf:5)
  A reaper (Crypt:5)
  An ettin (shapeshifter) (Vault:8)
  9 ettins
  46 yaktaur captains
  Snorg (D:15)
  2 vampire knights
  A storm dragon zombie (Crypt:3)
  2 great orbs of eyes (shapeshifter)
  3 eidola (Crypt:5)
  11 dragons
  23 vault guards
  5 great orbs of eyes
  7 death oozes (Slime:6)
  4 spectral storm dragons (Crypt:5)
  A storm dragon skeleton (Vault:4)
  8 death cobs
  An anaconda zombie (Crypt:4)
  A hydra (shapeshifter) (Vault:8)
  10 ogre magi
  Josephine (Orc:3)
  A spectral golden dragon (Crypt:5)
  5 deep elf demonologists
  15 hydras
  23 dancing weapons (Blade)
  9 ice dragons
  Nessos (D:15)
  A lorocyproca (D:22)
  2 large abominations
  2 rakshasas (Vault:1)
  24 deep trolls
  A draconian zombie (Zot:5)
  7 alligators
  5 stone giant zombies
  A death yak (Lair:8)
  3 orc high priests (Orc:4)
  2 spectral iron dragons (Crypt:5)
  A deep elf high priest (Elf:5)
  4 stone giant skeletons
  3 death drakes
  3 draconians (shapeshifter)
  A dire elephant zombie (Crypt:1)
  A sun demon (D:21)
  10 very ugly things
  2 soul eaters
  6 shadow wraiths
  A fire giant skeleton (D:22)
  Erolcha (D:11)
  A frost giant skeleton (Vault:3)
  An alligator snapping turtle zombie (Crypt:5)
  An iron dragon skeleton (Vault:3)
  A giant orange brain (Vault:3)
  18 centaur warriors
  A sea snake (shapeshifter) (Vault:7)
  2 vapours
  6 iron trolls
  66 skeletal warriors
  A white draconian zombie (Crypt:1)
  A yellow draconian zombie (Crypt:1)
  27 deep elf knights
  39 orc knights
  2 unseen horrors (shapeshifter)
  7 hell knights (D:27)
  14 naga warriors
  A wizard (D:19)
  A green draconian zombie (Crypt:1)
  A red draconian zombie (Crypt:1)
  7 hill giants
  An ice statue (Elf:2)
  3 guardian serpents
  A giant amoeba (shapeshifter) (Vault:6)
  6 unseen horrors
  22 giant amoebae
  A hill giant (shapeshifter) (D:27)
  4 flayed ghosts
  A spectral green draconian (Crypt:5)
  A harpy (shapeshifter) (Vault:7)
  A hellion (D:23)
  11 orc sorcerers
  A white draconian skeleton (Crypt:1)
  An iron troll skeleton (D:22)
  Urug (Elf:2)
  2 sea snake skeletons
  3 red wasps
  3 spiny worms
  3 cyclopes (shapeshifter)
  2 harpy zombies
  4 griffons
  4 oklob plants (D:21)
  8 cyclopes
  A minotaur skeleton (Crypt:5)
  2 red wasps (shapeshifter)
  2 necromancers
  25 phantasmal warriors
  A catoblepas skeleton (Crypt:5)
  6 shining eyes
  7 harpies (Vault:2)
  3 small abominations
  134 slime creatures
  14 wolf spiders
  2 fire crabs
  A dragon zombie (D:19)
  11 feature mimics
  3 black mamba zombies
  A stone giant simulacrum (D:19)
  8 trapdoor spiders
  3 spectral ice dragons (Crypt:5)
  19 elephants
  10 spiny frogs
  24 moths of wrath
  An ice dragon skeleton (Vault:4)
  4 griffon skeletons
  A wolf spider (shapeshifter) (Vault:2)
  An elephant (shapeshifter) (D:27)
  7 ettin skeletons
  25 black mambas
  A dragon skeleton (D:17)
  2 spiny worm zombies (D:18)
  A slime creature (shapeshifter) (Vault:8)
  2 tormentors
  28 naga magi
  A queen ant zombie (Crypt:3)
  2 eyes of devastation
  8 rock trolls
  A queen ant (D:15)
  67 yaktaurs
  A rock troll (shapeshifter) (Vault:8)
  A hill giant zombie (Vault:1)
  2 black mamba skeletons (Crypt:2)
  97 ugly things
  A hellwing (Zot:5)
  2 guardian mummies
  An iron devil (Vault:7)
  A spriggan zombie (Crypt:1)
  14 komodo dragons
  A queen bee (shapeshifter) (Vault:7)
  A silent spectre (Crypt:5)
  A spriggan (shapeshifter) (Vault:8)
  A redback (D:23)
  A deep dwarf artificer (Elf:4)
  17 blink frogs
  Prince Ribbit (D:5)
  A troll (shapeshifter) (D:19)
  19 two-headed ogres
  A smoke demon (Elf:5)
  13 trolls
  An agate snail zombie (Crypt:5)
  2 polar bears (shapeshifter)
  A rock troll zombie (Crypt:2)
  An octopode (shapeshifter) (D:18)
  A snapping turtle zombie (Crypt:1)
  A snapping turtle (shapeshifter) (Vault:8)
  A human (shapeshifter) (Vault:8)
  A baby alligator (shapeshifter) (D:13)
  7 bog mummies
  A blue devil (Zot:5)
  4 baby alligators (Swamp:1)
  2 deep troll skeletons
  2 wyverns
  10 vampires
  A dragon simulacrum (Zot:5)
  A grizzly bear (shapeshifter) (Vault:2)
  16 brown oozes
  5 basilisks
  3 hogs (Elf:5)
  12 wraiths
  4 bumblebees (D:25)
  A lindwurm zombie (Crypt:1)
  An elephant skeleton (Crypt:3)
  16 deep elf conjurers
  A griffon simulacrum (Crypt:5)
  51 yaks
  A merfolk skeleton (Crypt:5)
  11 sharks
  26 item mimics
  8 hippogriffs
  A clay golem (D:22)
  32 deep elf fighters
  3 merfolk (shapeshifter)
  9 hungry ghosts
  A merfolk (D:7)
  2 giant slug zombies
  15 golden eyes
  4 fire vortices
  10 fire drakes
  11 war dogs
  6 manticores
  A mermaid zombie (Crypt:3)
  A rock worm (D:15)
  14 deep elf summoners
  A manticore (shapeshifter) (Vault:6)
  A steam dragon (Swamp:5)
  A cyclops zombie (Crypt:5)
  A fire drake skeleton (Crypt:1)
  4 hell hounds (D:18)
  40 vampire mosquitoes
  11 necrophages
  A deep troll simulacrum (Crypt:5)
  21 soldier ants
  12 mottled dragons
  An orange crystal statue (Vault:1)
  A yaktaur skeleton (D:19)
  5 sky beasts
  9 insubstantial wisps (Swamp:3)
  26 freezing wraiths
  2 yellow wasps (D:14)
  A yak zombie (Crypt:1)
  A red devil (D:24)
  31 swamp worms
  A troll zombie (Orc:3)
  2 swamp drakes (shapeshifter) (Vault:8)
  A bumblebee zombie (Vault:3)
  13 giant goldfish
  74 orc warriors
  12 deep elf priests
  7 ice beasts (Port)
  6 boring beetles
  55 nagas
  15 swamp drakes
  2 phantoms
  A troll skeleton (D:14)
  A kobold demonologist (D:18)
  48 ogres
  An elf (shapeshifter) (Vault:7)
  A hippogriff skeleton (Crypt:5)
  35 water moccasins
  50 centaurs
  A war dog zombie (Crypt:5)
  30 wargs
  25 deep elf magi
  14 crocodiles
  7 big kobolds
  17 giant slugs
  24 giant frogs
  A yellow wasp zombie (D:5)
  Blork the orc (D:7)
  9 agate snails
  4 giant leeches
  A basilisk skeleton (D:8)
  A water moccasin zombie (Snake:4)
  8 boulder beetles
  A black bear skeleton (Crypt:5)
  4 lava fish
  28 wights
  8 eyes of draining
  29 electric eels
  A felid zombie (Crypt:1)
  A deep dwarf zombie (Crypt:1)
  A killer bee zombie (D:17)
  2 eyes of draining (shapeshifter)
  A pulsating lump (shapeshifter) (Vault:5)
  A big kobold zombie (D:15)
  30 killer bees
  13 crimson imps
  A soldier ant simulacrum (Vault:2)
  A demigod skeleton (Crypt:5)
  12 hounds
  36 orc priests
  A goliath beetle (D:10)
  3 quasits
  16 big fish
  12 iguanas
  4 shadows
  3 porcupines
  A naga zombie (Crypt:3)
  16 spiders
  5 hound skeletons
  50 orc wizards
  4 scorpions
  3 orange rats (Snake:4)
  39 deep elf soldiers
  20 worker ants
  A swamp drake zombie (Crypt:3)
  27 sheep
  Jessica (D:3)
  2 boggarts (Vault:1)
  27 jellies
  A mummy (Crypt:3)
  17 gnolls
  79 green rats
  A midge (Elf:5)
  3 lemures
  2 scorpion zombies (D:10)
  42 adders
  A sheep zombie (Crypt:5)
  2 giant mites
  An iguana skeleton (D:23)
  2 adder zombies
  7 giant centipedes
  A human (Elf:5)
  A shadow imp (Elf:5)
  A halfling skeleton (Crypt:3)
  A sheep skeleton (Crypt:3)
  9 worms
  5 ufetubi
  6 grey rats
  8 giant eyeballs
  12 giant geckos
  9 oozes
  221 orcs
  4 ball pythons
  4 giant cockroaches
  A giant cockroach (shapeshifter) (Vault:6)
  14 hobgoblins
  7 quokkas
  11 ant larvae (D:15)
  2 ball python zombies (Snake:4)
  53 bats
  A giant cockroach zombie (Crypt:5)
  11 giant newts
  3 giant spores
  32 goblins
  A grey rat zombie (Crypt:5)
  3 hobgoblin skeletons
  28 jackals
  A jackal skeleton (D:21)
  2 kobolds (shapeshifter)
  69 kobolds
  A kobold zombie (D:5)
  5 orc skeletons
  6 orc zombies
  A quokka skeleton (D:6)
  32 rats
  8 ballistomycetes
  A butterfly (D:19)
  4 crawling corpses
  9 fungi
  4 plants
  129 toadstools
3780 creatures vanquished.

Vanquished Creatures (collateral kills)
  A golden dragon (Zot:2)
  An Orb Guardian (Zot:5)
  A stone giant (Vault:8)
  A green draconian (Zot:4)
  A grey draconian (Zot:5)
  A black draconian (Zot:5)
  A pale draconian (Zot:2)
  A mottled draconian (Zot:1)
  A yaktaur captain (Vault:7)
  A slime creature (Slime:1)
  2 vault guards (Vault:7)
  A great orb of eyes (shapeshifter) (Vault:8)
  An ice dragon (Zot:5)
  A stone giant zombie (Vault:8)
  A stone giant skeleton (D:24)
  A very ugly thing (Vault:5)
  3 skeletal warriors
  2 moths of wrath
  A yaktaur (D:26)
  2 ugly things
  A komodo dragon (Zot:5)
  A wraith (Crypt:3)
  An orc warrior (D:25)
  An ogre (Vault:4)
  A centaur (Vault:4)
  A warg (Vault:7)
  A boulder beetle zombie (Crypt:5)
  A wight (Crypt:1)
  A flying skull (Crypt:1)
  5 orcs
  A ball python (D:26)
  A grey rat skeleton (Crypt:2)
41 creatures vanquished.

Vanquished Creatures (others)
  A hydra (Swamp:5)
  A centaur warrior (D:20)
  A hill giant (D:20)
  A cyclops (D:21)
  A black mamba (Lair:6)
  A two-headed ogre (D:12)
  A human (Elf:5)
  A lindwurm zombie (Crypt:5)
  313 fire vortices
  3 war dogs
  2 steam dragons (Swamp:5)
  A small abomination (D:16)
  A cyclops zombie (Crypt:5)
  An orc warrior (Orc:3)
  A swamp drake (Swamp:5)
  A centaur (D:20)
  2 ogres (D:20)
  2 giant frogs
  A water moccasin zombie (Crypt:5)
  A black bear skeleton (Crypt:5)
  An orc priest (D:9)
  An adder (Snake:2)
  A green rat (Lair:3)
  A giant centipede (D:12)
  A gnoll zombie (D:6)
  5 orcs
  A ball python (D:6)
  A goblin (D:7)
  A hobgoblin (D:8)
  3 giant newts
  2 giant spores
  A grey rat zombie (Crypt:5)
  A jackal (D:4)
  4 kobolds
  A rat (Lair:6)
  A rat skeleton (D:4)
  20 butterflies
  2 crawling corpses (Elf:5)
  9 fungi
  3 plants
  664 toadstools
1061 creatures vanquished.

Grand Total: 4882 creatures vanquished

Notes
Turn   | Place    | Note
--------------------------------------------------------------
     0 | D:1      | Nada, the Naga Venom Mage, began the quest for the Orb.
     0 | D:1      | Reached XP level 1. HP: 15/15 MP: 3/3
   283 | D:1      | Reached XP level 2. HP: 19/22 MP: 1/4
   431 | D:1      | Reached skill level 6 in Poison Magic
   863 | D:1      | Reached XP level 3. HP: 28/28 MP: 4/6
   995 | D:2      | Learned a level 3 spell: Mephitic Cloud
   998 | D:2      | Learned a level 2 spell: Cure Poison
  1188 | D:2      | Reached skill level 7 in Poison Magic
  1792 | D:2      | Reached XP level 4. HP: 29/36 MP: 4/8
  1896 | D:2      | Reached XP level 5. HP: 37/42 MP: 3/11
  1909 | D:2      | Learned a level 4 spell: Olgreb's Toxic Radiance
  1985 | D:3      | Found a basalt altar of Yredelemnul.
  2124 | D:3      | Found a sparkling altar of Nemelex Xobeh.
  2291 | D:3      | Reached skill level 8 in Poison Magic
  2297 | D:3      | Reached skill level 1 in Conjurations
  2746 | D:3      | Noticed Jessica
  2753 | D:3      | Killed Jessica
  3308 | D:4      | Reached XP level 6. HP: 47/49 MP: 5/13
  3381 | D:4      | Found a shattered altar of Ashenzari.
  3971 | D:5      | Entered Level 5 of the Dungeon
  3971 | D:5      | Noticed Prince Ribbit
  4012 | D:5      | Killed Prince Ribbit
  4016 | D:5      | Reached XP level 7. HP: 42/55 MP: 1/15
  4126 | D:5      | Reached skill level 9 in Poison Magic
  4174 | D:5      | Found an iron altar of Okawaru.
  4311 | D:6      | Found a staircase to the Ecumenical Temple.
  4366 | Temple   | Entered the Ecumenical Temple
  4648 | Temple   | Became a worshipper of Vehumet
  4759 | D:6      | Found a burning altar of Makhleb.
  4812 | D:7      | Reached skill level 5 in Conjurations
  4913 | D:7      | Reached XP level 8. HP: 58/62 MP: 11/17
  5100 | D:7      | Learned a level 5 spell: Venom Bolt
  5359 | D:7      | Noticed Blork the orc
  5373 | D:7      | Killed Blork the orc
  6315 | D:6      | Acquired Vehumet's first power
  6406 | D:6      | Reached XP level 9. HP: 52/68 MP: 8/20
  6508 | D:6      | Reached skill level 5 in Spellcasting
  7465 | D:5      | Found a bloodstained altar of Trog.
  7825 | D:8      | Got a sparkling glass ring
  7850 | D:8      | Identified the ring "Fraemip" {Str+3 Int+2} (You found it on level 8 of the Dungeon)
  8088 | D:8      | Learned a level 1 spell: Summon Butterflies
  8455 | D:8      | Found a deep blue altar of Sif Muna.
  8533 | D:8      | Acquired Vehumet's second power
  9075 | D:9      | Found a snail-covered altar of Cheibriados.
  9347 | D:9      | Reached skill level 10 in Poison Magic
  9719 | D:9      | Reached XP level 10. HP: 75/75 MP: 10/22
  9914 | D:10     | Entered Level 10 of the Dungeon
 10201 | D:10     | Found a flagged portal. 10225
                  | bailey
                  | Entered the bailey 10246
                  | bailey
                  | Acquired Vehumet's third power
 10696 | D:10     | Reached skill level 11 in Poison Magic
 10846 | D:10     | Reached skill level 10 in Conjurations
 10955 | D:10     | Found a staircase to the Lair.
 11044 | Lair:1   | Entered Level 1 of the Lair of Beasts
 11081 | Lair:1   | Found a labyrinth entrance.
 11088 | Lab      | Entered a Labyrinth
 12668 | Lab      | Gained mutation: Your muscles are strong (Str +1).
 12669 | Lab      | Gained mutation: Your muscles are strong (Str +2).
 12670 | Lab      | Paralysed by a potion of paralysis for 3 turns
 12824 | Lair:1   | Acquired Vehumet's fourth power
 13308 | Lair:1   | Got a warped cloak
 13312 | Lair:1   | Identified the +2 cloak of Xom's Esteem (You found it on level 1 of the Lair of Beasts)
 13351 | Lair:1   | Reached skill level 12 in Poison Magic
 13364 | Lair:1   | Reached XP level 11. HP: 79/81 MP: 7/26
 14807 | Lair:3   | Got a shimmering mace
 14808 | Lair:3   | Identified the mace of Twilight {freeze, +Rage rElec rC+} (You found it on level 3 of the Lair of Beasts)
 15328 | Lair:3   | Reached skill level 1 in Traps & Doors
 15679 | Lair:4   | Learned a level 6 spell: Poisonous Cloud
 15777 | Lair:4   | Reached skill level 1 in Air Magic
 15979 | Lair:4   | Reached skill level 1 in Fighting
 16595 | Lair:2   | Identified a scroll of acquirement
 16602 | Lair:2   | Learned a level 2 spell: Swiftness
 16605 | Lair:2   | Learned a level 2 spell: Repel Missiles
 16984 | D:11     | Found a staircase to the Orcish Mines.
 17341 | Orc:1    | Entered Level 1 of the Orcish Mines
 17341 | Orc:1    | Noticed Erolcha
 17351 | D:11     | Killed Erolcha
 17351 | D:11     | Reached skill level 5 in Traps & Doors
 17351 | D:11     | Reached XP level 12. HP: 92/96 MP: 16/28
 17435 | Orc:1    | Reached skill level 5 in Air Magic
 17730 | Orc:3    | Noticed Josephine
 17732 | Orc:3    | Reached XP level 11. HP: 87/87 MP: 22/27
 17954 | Orc:3    | Killed Josephine
 18023 | Orc:3    | Noticed an orc warlord
 18066 | Orc:3    | Killed an orc warlord
 18066 | Orc:3    | Reached skill level 5 in Fighting
 18066 | Orc:3    | Reached XP level 12. HP: 83/98 MP: 16/28
 18073 | Orc:3    | Found Sageppar's Food Boutique.
 18105 | Orc:4    | Entered Level 4 of the Orcish Mines
 18249 | Orc:4    | Noticed an orc high priest
 18252 | Orc:4    | Noticed an orc high priest
 18253 | Orc:4    | Noticed an orc warlord
 18253 | Orc:4    | Killed an orc high priest
 18267 | Orc:4    | Noticed an orc high priest
 18269 | Orc:4    | Killed an orc high priest
 18269 | Orc:4    | Reached skill level 10 in Spellcasting
 18271 | Orc:4    | Killed an orc warlord
 18274 | Orc:4    | Killed an orc high priest
 19123 | Orc:4    | Received a gift from Vehumet
 19166 | Orc:4    | Found Sairchih's Antique Armour Shoppe.
 19175 | Orc:4    | Found Roreruco's Antique Weapon Shoppe.
 19177 | Orc:4    | Found Bamu's Book Emporium.
 19177 | Orc:4    | Found Cahac's General Store.
 19463 | Orc:4    | Noticed a cyclops
 19476 | Orc:4    | Killed a cyclops
 20286 | Orc:4    | Bought a book of Party Tricks for 550 gold pieces
 20286 | Orc:4    | Bought a book of Wizardry for 330 gold pieces
 20293 | Orc:4    | Learned a level 5 spell: Fireball
 20296 | Orc:4    | Learned a level 2 spell: Blink
 20733 | Orc:3    | Bought a meat ration for 56 gold pieces
 20733 | Orc:3    | Bought a choko for 5 gold pieces
 20733 | Orc:3    | Bought a meat ration for 56 gold pieces
 20818 | Orc:3    | Reached skill level 1 in Translocations
 20818 | Orc:3    | Reached skill level 1 in Fire Magic
 21519 | D:11     | Received a gift from Vehumet
 21882 | Lair:2   | Learned a level 1 spell: Apportation
 22322 | Lair:4   | Noticed a trapdoor spider
 22322 | Lair:4   | a spiny frog changed into a trapdoor spider
 22331 | Lair:4   | Killed a trapdoor spider
 22664 | Lair:5   | Reached skill level 10 in Fighting
 22783 | Lair:5   | Found a glowing golden altar of the Shining One.
 22907 | Lair:5   | Reached XP level 13. HP: 114/114 MP: 27/31
 22977 | Lair:5   | Found a staircase to the Swamp.
 23337 | Lair:5   | Found a staircase to the Snake Pit.
 23672 | Lair:6   | Reached skill level 5 in Fire Magic
 23811 | Lair:6   | Received a gift from Vehumet
 24168 | Lair:7   | Found a staircase to the Slime Pits.
 24483 | Lair:7   | Reached skill level 13 in Spellcasting
 25293 | Lair:8   | Entered Level 8 of the Lair of Beasts
 25475 | Lair:8   | Got a pair of silk gloves
 25479 | Lair:8   | Identified the +2 pair of fencer's gloves (You found it on level 8 of the Lair of Beasts)
 26490 | Lair:8   | Reached skill level 14 in Spellcasting
 26490 | Lair:8   | Reached XP level 14. HP: 123/123 MP: 4/34
 26501 | Lair:8   | Learned a level 6 spell: Poison Arrow
 27172 | Lair:8   | Received a gift from Vehumet
 27836 | Lair:2   | Learned a level 4 spell: Iskenderun's Mystic Blast
 27978 | D:12     | Reached skill level 5 in Translocations
 28084 | D:12     | Found a flickering gateway to a bazaar. 28098
                  | bazaar
                  | Entered a bazaar 28109
                  | bazaar
                  | Found Khaehac's Distillery. 28138
                  | bazaar
                  | Found Khucoomi's Distillery. 28165
                  | bazaar
                  | Found Breol's Magical Wand Emporium. 28193
                  | bazaar
                  | Found Maph's Magical Wand Emporium. 28293
                  | bazaar
                  | Bought a wand of heal wounds (3) for 630 gold pieces 28320
                  | bazaar
                  | Bought a potion of agility for 20 gold pieces 28322
                  | bazaar
                  | Bought a potion of magic for 56 gold pieces 28322
                  | bazaar
                  | Bought a potion of curing for 16 gold pieces 28353
                  | bazaar
                  | Bought a potion of heal wounds for 39 gold pieces 28353
                  | bazaar
                  | Bought a potion of heal wounds for 39 gold pieces
 29587 | D:13     | Found Pria's Food Shoppe.
 29777 | D:14     | Entered Level 14 of the Dungeon
 30203 | D:14     | Received a gift from Vehumet
 30431 | D:14     | Found a portal to a secret trove of treasure.
 31122 | D:14     | Reached skill level 10 in Fire Magic
 31235 | D:14     | Reached XP level 15. HP: 130/130 MP: 21/36
 31688 | D:14     | Noticed an orc warlord
 31695 | D:14     | Killed an orc warlord
 32495 | D:15     | Entered Level 15 of the Dungeon
 32851 | D:15     | Noticed Snorg
 32861 | D:15     | Killed Snorg
 32941 | D:15     | Noticed Nessos
 32944 | D:15     | Killed Nessos
 34449 | Lair:2   | Learned a level 3 spell: Flight
 34620 | Swamp:1  | Entered Level 1 of the Swamp
 34656 | Swamp:1  | Noticed Donald
 34660 | Swamp:1  | Killed Donald
 34660 | Swamp:1  | Reached skill level 1 in Charms
 34787 | Swamp:1  | Reached skill level 15 in Spellcasting
 36739 | Swamp:2  | Reached XP level 16. HP: 140/140 MP: 36/36
 37031 | Swamp:2  | Got a heavily runed naga barding
 37037 | Swamp:2  | Identified the +0 naga barding of Immorality (You acquired it on level 2 of the Swamp)
 37060 | Swamp:2  | Noticed Norris
 37080 | Swamp:2  | Killed Norris
 37080 | Swamp:2  | Reached skill level 5 in Charms
 40208 | Swamp:5  | Entered Level 5 of the Swamp
 40208 | Swamp:5  | Noticed Saint Roka
 40837 | Swamp:5  | Killed Saint Roka
 41300 | Swamp:5  | Reached XP level 17. HP: 86/147 MP: 5/37
 41788 | Swamp:5  | Got a decaying rune of Zot
 42421 | Snake:1  | Entered Level 1 of the Snake Pit
 42545 | Snake:1  | Noticed shackes' ghost (powerful MfGl)
 42552 | Snake:1  | Killed shackes' ghost
 42552 | Snake:1  | Reached skill level 16 in Spellcasting
 42760 | Lair:2   | Learned a level 3 spell: Regeneration
 42767 | Lair:2   | Learned a level 6 spell: Haste
 42771 | Lair:2   | Learned a level 3 spell: Abjuration
 43617 | Snake:2  | Noticed Agnes
 43620 | Snake:2  | Killed Agnes
 43726 | Snake:2  | Reached skill level 15 in Fire Magic
 43999 | Snake:2  | Found a glowing silver altar of Zin.
 44519 | Snake:3  | Found Inaur's General Store.
 44995 | Snake:3  | Got a brightly glowing mace
 44996 | Snake:3  | Identified the cursed mace "Pleelum" {drain, MR Dex+2 SInv} (You found it on level 3 of the Snake Pit)
 47262 | Snake:5  | Entered Level 5 of the Snake Pit
 49339 | Snake:5  | Got a serpentine rune of Zot
 50361 | Orc:3    | Noticed Jozef
 50471 | Orc:3    | Killed Jozef
 50471 | Orc:3    | Reached XP level 18. HP: 133/156 MP: 31/38
 50632 | Orc:3    | Found a staircase to the Elven Halls.
 50827 | Elf:1    | Entered Level 1 of the Elven Halls
 51071 | Elf:1    | Reached XP level 17. HP: 147/147 MP: 27/38
 51210 | Elf:1    | Noticed an orc knight
 51213 | Elf:1    | Killed an orc knight
 51213 | Elf:1    | Reached XP level 18. HP: 156/156 MP: 13/38
 51967 | Elf:2    | Found a frozen archway.
 51977 | IceCv    | Entered an ice cave
 52429 | Elf:2    | Noticed Nikola
 52436 | Elf:2    | Killed Nikola
 52939 | Elf:2    | Noticed Urug
 52943 | Elf:2    | Killed Urug
 53303 | Elf:3    | Got a conspicuous book
 53304 | Elf:3    | Identified the Incunabulum of Flying Enhancements (You acquired it on level 3 of the Elven Halls)
 53460 | Elf:3    | Identified a +0 rod of destruction [fire] (14/14) (You found it on level 3 of the Elven Halls)
 54305 | Elf:4    | Noticed Rupert
 54310 | Elf:4    | Killed Rupert
 54629 | Elf:5    | Entered Level 5 of the Elven Halls
 54629 | Elf:5    | Noticed Roxanne
 54783 | Elf:5    | Found Chaan's Antique Weapon Emporium.
 54793 | Elf:5    | Noticed Kirke
 54800 | Elf:5    | Killed Kirke
 55204 | Elf:5    | Noticed a deep elf master archer
 55214 | Elf:5    | Noticed a deep elf blademaster
 55214 | Elf:5    | Noticed a deep elf blademaster
 55214 | Elf:5    | Killed a deep elf master archer
 55216 | Elf:5    | Killed a deep elf blademaster
 55216 | Elf:5    | Reached skill level 17 in Fire Magic
 55216 | Elf:5    | Killed a deep elf blademaster
 55224 | Elf:5    | Noticed a deep elf master archer
 55225 | Elf:5    | Killed a deep elf master archer
 55228 | Elf:5    | Noticed a deep elf blademaster
 55230 | Elf:5    | Reached XP level 19. HP: 164/164 MP: 6/39
 55231 | Elf:5    | Noticed a deep elf master archer
 55236 | Elf:5    | Killed a deep elf blademaster
 55237 | Elf:5    | Killed a deep elf master archer
 55238 | Elf:5    | Noticed a deep elf master archer
 55240 | Elf:5    | Killed a deep elf master archer
 55256 | Elf:5    | Reached skill level 15 in Conjurations
 55488 | Elf:5    | Got a crystal amulet
 55493 | Elf:5    | Identified the amulet of Cekugob (You found it on level 5 of the Elven Halls)
 55499 | Elf:5    | Got a rare book
 55500 | Elf:5    | Identified the Incunabulum of Flying Evil Rites (You found it on level 5 of the Elven Halls)
 55573 | Elf:5    | Noticed a deep elf master archer
 55575 | Elf:5    | Noticed a deep elf blademaster
 55576 | Elf:5    | Noticed a deep elf blademaster
 55576 | Elf:5    | Killed a deep elf master archer
 55579 | Elf:5    | Killed a deep elf blademaster
 55580 | Elf:5    | Killed a deep elf blademaster
 55801 | Elf:5    | Got a flimsy blue robe
 55811 | Elf:5    | Identified the +3 robe of Clouds (You found it on level 5 of the Elven Halls)
 55890 | Elf:5    | Identified a cursed +1 rod of destruction [inacc,magma,cold] (12/12) (You found it on level 5 of the Elven Halls)
 56544 | Orc:3    | Learned a level 7 spell: Delayed Fireball
 56550 | Orc:3    | Learned a level 5 spell: Fireball
 57308 | Elf:5    | Noticed Louise
 57314 | Elf:5    | Killed Louise
 57460 | Elf:5    | Got an engraved book
 57463 | Elf:5    | Identified the Collected Works on Earthen Transmigration (You found it on level 5 of the Elven Halls)
 58169 | Lair:2   | Learned a level 6 spell: Bolt of Fire
 58460 | D:15     | Reached skill level 1 in Shields
 59359 | D:16     | Noticed Aizul
 59363 | D:16     | Killed Aizul
 59752 | D:17     | Noticed Wiglaf
 59759 | D:17     | Killed Wiglaf
 60008 | D:17     | Noticed Frances
 60011 | D:17     | Killed Frances
 60011 | D:17     | Reached XP level 20. HP: 172/172 MP: 12/40
 60895 | D:18     | Got a graven book
 60896 | D:18     | Identified Woasolum's Disquisition on Earthen Changing (You found it on level 18 of the Dungeon)
 60906 | D:18     | Got a heavy robe
 60914 | D:18     | Identified the cursed +4 robe of Honesty (You found it on level 18 of the Dungeon)
 61278 | D:18     | Noticed a storm dragon
 61281 | D:18     | Killed a storm dragon
 62800 | D:19     | Found a staircase to the Vaults.
 62845 | D:19     | Reached skill level 18 in Fire Magic
 63620 | Vault:1  | Entered Level 1 of the Vaults
 63620 | Vault:1  | Noticed Mara
 63660 | Vault:1  | Noticed Nada's illusion
 63666 | D:19     | Killed Mara
 65089 | Vault:1  | Got a silk robe
 65096 | Vault:1  | Identified the +4 robe of Augmentation (You found it on level 1 of the Vaults)
 65389 | Vault:2  | Reached XP level 21. HP: 132/180 MP: 12/40
 65680 | Vault:2  | Noticed a quicksilver dragon
 65713 | Vault:2  | Noticed an ancient lich
 65719 | Vault:2  | Killed an ancient lich
 66170 | Vault:2  | Noticed a quicksilver dragon
 66170 | Vault:2  | a fire giant changed into a quicksilver dragon
 66172 | Vault:2  | a quicksilver dragon changed into an alligator snapping turtle
 66323 | Vault:2  | Noticed a golden dragon
 66323 | Vault:2  | an alligator snapping turtle changed into a golden dragon
 66330 | Vault:2  | Noticed an iron dragon
 66330 | Vault:2  | a golden dragon changed into an iron dragon
 67891 | Vault:3  | Got a pitted cloak
 67895 | Vault:3  | Identified the +0 cloak of Eternal Night (You found it on level 3 of the Vaults)
 68359 | Vault:3  | Found Grur's Assorted Antiques.
 68368 | Vault:3  | Bought a crude tin amulet for 775 gold pieces
 68369 | Vault:3  | Identified the amulet of Riotexeasky (You bought it in a shop on level 3 of the Vaults)
 68641 | Vault:3  | Reached skill level 19 in Fire Magic
 69051 | Vault:4  | Noticed Mennas
 70072 | D:20     | Entered Level 20 of the Dungeon
 70724 | D:20     | Reached XP level 22. HP: 189/189 MP: 16/41
 71083 | D:21     | Found a gateway to Hell.
 71227 | D:21     | Found a one-way gate to the infinite horrors of the Abyss.
 71229 | D:21     | the one-way gate to the infinite horrors of the Abyss was a mimic.
 71390 | D:21     | Noticed a guardian serpent
 71393 | D:21     | Killed a guardian serpent
 71447 | D:21     | Noticed a naga mage
 71449 | D:21     | Noticed a naga mage
 71449 | D:21     | Noticed a naga mage
 71452 | D:21     | Killed a naga mage
 71453 | D:21     | Noticed a naga mage
 71453 | D:21     | Killed a naga mage
 71458 | D:21     | Killed a naga mage
 71462 | D:21     | Killed a naga mage
 72508 | D:22     | Found a one-way gate leading to the halls of Pandemonium.
 72508 | D:22     | Found a one-way gate to the infinite horrors of the Abyss.
 72625 | D:22     | Got a purple glaive
 72626 | D:22     | Identified the +4,+12 Glaive of Prune (You found it on level 22 of the Dungeon)
 74021 | D:23     | Noticed a deep elf summoner
 74022 | D:23     | Killed a deep elf summoner
 74024 | D:23     | Noticed a deep elf mage
 74024 | D:23     | Noticed a deep elf conjurer
 74024 | D:23     | Killed a deep elf conjurer
 74024 | D:23     | Killed a deep elf mage
 74589 | D:23     | Noticed a deep elf mage
 74590 | D:23     | Killed a deep elf mage
 74774 | D:24     | Found a gateway to a ziggurat.
 74775 | D:24     | Noticed an ancient lich
 75067 | D:24     | Learned a level 9 spell: Fire Storm
 75566 | D:25     | Entered Level 25 of the Dungeon
 76031 | D:25     | Found a shimmering altar of Xom.
 76274 | D:25     | Reached skill level 10 in Traps & Doors
 76456 | D:25     | Reached XP level 23. HP: 196/196 MP: 39/42
 77513 | D:27     | Entered Level 27 of the Dungeon
 78495 | D:27     | Noticed an orc warlord
 78495 | D:27     | Noticed an orc warlord
 78496 | D:27     | Noticed an orc warlord
 78498 | D:27     | Noticed an orc warlord
 78498 | D:27     | Killed an orc warlord
 78498 | D:27     | Killed an orc warlord
 78502 | D:27     | Noticed an orc warlord
 78502 | D:27     | Killed an orc warlord
 78502 | D:27     | Killed an orc warlord
 78504 | D:27     | Killed an orc warlord
 78505 | D:27     | Noticed an orc warlord
 78509 | D:27     | Killed an orc warlord
 78509 | D:27     | Reached XP level 24. HP: 178/205 MP: 19/44
 78510 | D:27     | Killed an orc warlord
 78513 | D:27     | Killed an orc warlord
 78556 | D:27     | Found an iron altar of Okawaru.
 78866 | D:27     | Reached skill level 20 in Spellcasting
 80200 | Slime:1  | Entered Level 1 of the Pits of Slime
 82196 | Slime:6  | Entered Level 6 of the Pits of Slime
 82405 | Slime:6  | Reached skill level 21 in Spellcasting
 82616 | Slime:6  | Found a viscous altar of Jiyva.
 82619 | Slime:6  | Noticed the royal jelly
 82621 | Slime:6  | Killed the royal jelly
 82621 | Slime:6  | Reached XP level 25. HP: 213/213 MP: 24/46
 82903 | Slime:6  | Noticed Dissolution
 83059 | Slime:6  | Killed Dissolution
 83252 | Slime:6  | Reached skill level 22 in Spellcasting
 83474 | Slime:6  | Got a slimy bone ring
 83481 | Slime:6  | Got a sparkling book
 83495 | Slime:6  | Got a brightly glowing bone ring
 83593 | Slime:6  | Identified the ring "Mnuysk" (You found it on level 6 of the Pits of Slime)
 83594 | Slime:6  | Identified the ring of Ranoych (You found it on level 6 of the Pits of Slime)
 83595 | Slime:6  | Identified Zigoos' Grimoire of Protection (You found it on level 6 of the Pits of Slime)
 83715 | Slime:6  | Got a slimy rune of Zot
 84980 | Lair:2   | Learned a level 7 spell: Orb of Destruction
 84988 | Lair:2   | Learned a level 7 spell: Ring of Flames
 85013 | Lair:2   | Learned a level 6 spell: Deflect Missiles
 85641 | Zot:1    | Entered Level 1 of the Realm of Zot
 86635 | Zot:1    | Reached XP level 26. HP: 181/222 MP: 27/46
 87889 | Zot:2    | Reached skill level 23 in Spellcasting
 88756 | Zot:2    | Reached skill level 10 in Translocations
 90063 | Zot:3    | Reached XP level 27. HP: 175/229 MP: 3/47
 91012 | Zot:3    | Noticed an orb of fire
 91057 | Zot:3    | Killed an orb of fire
 91630 | Zot:4    | Reached skill level 5 in Dodging
 92080 | Zot:4    | Reached skill level 24 in Spellcasting
 92441 | Zot:4    | Reached skill level 1 in Evocations
 93144 | Zot:5    | Entered Level 5 of the Realm of Zot
 93176 | Zot:5    | Noticed an orb of fire
 93188 | Zot:5    | Killed an orb of fire
 93687 | Zot:5    | Reached skill level 5 in Evocations
 94165 | Zot:5    | Noticed an orb of fire
 94171 | Zot:5    | Noticed an ancient lich
 94175 | Zot:5    | Killed an orb of fire
 94177 | Zot:5    | Killed an ancient lich
 94178 | Zot:5    | Noticed an ancient lich
 94180 | Zot:5    | Noticed an orb of fire
 94192 | Zot:5    | Gained mutation: You occasionally shout uncontrollably.
 94204 | Zot:5    | Noticed an ancient lich
 95398 | Lair:2   | Learned a level 7 spell: Controlled Blink
 95929 | Vault:4  | Killed Mennas
 96248 | Vault:4  | Found a staircase to the Crypt.
 96522 | Vault:4  | Found a staircase to the Hall of Blades.
 96666 | Vault:4  | Noticed a vapour
 96670 | Vault:4  | Killed a vapour
 96961 | Blade    | Entered the Hall of Blades
 97770 | Vault:5  | Found Pnoss' Magic Scroll Boutique.
 97779 | Vault:5  | Killed a deep elf conjurer
 97791 | Vault:5  | Bought a scroll of acquirement for 1092 gold pieces
 97794 | Vault:5  | Bought a scroll of acquirement for 1092 gold pieces
 98028 | Vault:5  | Got a fur hat
 98032 | Vault:5  | Identified the +2 hat of the Bear Spirit (You found it on level 5 of the Vaults)
 98263 | Vault:5  | Noticed a pulsating lump
 98264 | Vault:5  | Killed a pulsating lump
 98533 | Vault:5  | Reached skill level 10 in Evocations
 99081 | Vault:6  | Reached skill level 10 in Dodging
100265 | Vault:7  | Noticed a deep elf demonologist
100267 | Vault:7  | Killed a deep elf demonologist
100500 | Vault:7  | Reached skill level 25 in Spellcasting
101255 | Vault:8  | Entered Level 8 of the Vaults
101257 | Vault:8  | Noticed a golden dragon
101298 | Vault:8  | Noticed a guardian serpent
101408 | Vault:8  | Noticed a quicksilver dragon
101539 | Vault:7  | Reached skill level 15 in Fighting
101659 | Vault:8  | a guardian serpent changed into a queen bee
101665 | Vault:7  | Killed a quicksilver dragon
102549 | Vault:8  | Killed a golden dragon
102675 | Vault:8  | Noticed a guardian serpent
102675 | Vault:8  | a swamp dragon changed into a guardian serpent
102677 | Vault:8  | a guardian serpent changed into a draconian
102842 | Vault:8  | Noticed a guardian serpent
103001 | Vault:8  | a guardian serpent changed into an unseen horror
103011 | Vault:8  | Noticed a quicksilver dragon
103012 | Vault:8  | Killed a quicksilver dragon
103254 | Vault:8  | Noticed an ancient lich
103255 | Vault:8  | Killed an ancient lich
103262 | Vault:8  | Noticed a golden dragon
103266 | Vault:8  | Killed a golden dragon
103554 | Vault:8  | Noticed an iron dragon
103554 | Vault:8  | an iron dragon changed into an acid blob
103713 | Vault:8  | Got a silver rune of Zot
103735 | Vault:8  | Got a vibrating iron ring
103736 | Vault:8  | Identified the ring of Shearph (You found it on level 8 of the Vaults)
104364 | Vault:8  | Noticed a bone dragon
104389 | Vault:8  | Killed a bone dragon
105892 | Lair:2   | Learned a level 5 spell: Dispel Undead
105898 | Lair:2   | Learned a level 5 spell: Phase Shift
105901 | Lair:2   | Learned a level 2 spell: Sublimation of Blood
106334 | Crypt:1  | Entered Level 1 of the Crypt
106355 | Crypt:1  | Reached skill level 1 in Necromancy
107051 | Crypt:1  | Got a transparent leather armour
107052 | Crypt:1  | Identified the cursed +2 leather armour of Courage (You found it on level 1 of the Crypt)
108310 | Crypt:3  | Noticed Boris
108312 | Crypt:3  | Noticed a small abomination
108317 | Crypt:4  | Killed a small abomination
108467 | Crypt:4  | Reached skill level 15 in Evocations
109643 | Crypt:3  | Killed Boris
110046 | Crypt:5  | Entered Level 5 of the Crypt
110393 | Crypt:5  | Noticed a large abomination
110397 | Crypt:5  | Killed a large abomination
111432 | Crypt:5  | Reached skill level 5 in Necromancy
112044 | Crypt:5  | Reached skill level 26 in Spellcasting
112474 | Crypt:5  | Noticed a reaper
112476 | Crypt:5  | Killed a reaper
113659 | Crypt:5  | Got an inconspicuous book
113660 | Crypt:5  | Identified Margery's Tome of Ignition (You found it on level 5 of the Crypt)
114749 | Zot:5    | Killed an ancient lich
114749 | Zot:5    | Reached skill level 15 in Dodging
114934 | Zot:5    | Killed an ancient lich
115075 | Zot:5    | Gained mutation: You are clumsy (Dex -1).
115085 | Zot:5    | Noticed an ancient lich
115087 | Zot:5    | Killed an orb of fire
115784 | Zot:5    | Noticed an ancient lich
115790 | Zot:5    | Killed an ancient lich
116302 | Zot:5    | Killed an ancient lich
116718 | Zot:5    | Noticed an orb of fire
117434 | Zot:5    | Killed an orb of fire
118111 | Zot:5    | Noticed an ancient lich
118114 | Zot:5    | Noticed an ancient lich
118114 | Zot:5    | Killed an ancient lich
118115 | Zot:5    | Killed an ancient lich
118133 | Zot:5    | Reached skill level 10 in Necromancy
118425 | Zot:5    | Got the Orb of Zot
118523 | Zot:2    | Noticed Crusit the pandemonium lord
118794 | D:21     | Noticed Gasubi the pandemonium lord
118851 | D:21     | Noticed Zugoh the pandemonium lord
119324 | D:2      | Gained mutation: You digest meat inefficiently.
119381 | D:1      | Gained mutation: You are clumsy (Dex -2).
119408 | D:$      | Escaped with the Orb!
